Map: Acid Plant LE

Players

Spazymazy

  • Race: Zerg Zerg
  • Spawn Location: 11:00

InZaNe - Winner!

  • Race: Terran Terran
  • Spawn Location: 5:00

Event: WCS Valencia 2018

VOD

Have the link to the VOD?

Description

Time

  • Played on: July 12, 2018, 6:25 a.m.
  • Length: 11:57

All games in this series

Show
View Real Time Build Order
Export as new Build Order

Spazymazy Zerg 

Build Orders: Hatch First, Muta Ling Bane 

Get SALT Encoding   

  12  0:01  Drone  
  13  0:13  Overlord  
  13  0:18  Drone  
  14  0:31  Drone x2  
  16  0:37  Drone  
  17  0:52  Hatchery  
  17  0:55  Drone  
  17  1:10  Spawning Pool  
  16  1:12  Drone  
  16  1:15  Drone  
  16  1:18  Extractor  
  17  1:20  Drone  
  18  1:29  Drone  
  19  1:39  Drone  
  20  1:50  Drone  
  21  2:03  Queen  
  21  2:04  Overlord, Queen  
  25  2:08  Zergling x2  
  25  2:13  Drone  
  27  2:20  Metabolic Boost  
  27  2:22  Drone  
  28  2:24  Drone  
  28  2:29  Spore Crawler  
  27  2:39  Queen  
  27  2:42  Queen  
  32  2:47  Overlord  
  32  2:49  Drone  
  33  2:52  Drone  
  33  2:53  Drone  
  33  2:57  Overlord  
  35  2:59  Zergling x2  
  35  3:05  Zergling x2  
  37  3:07  Drone  
  37  3:11  Drone  
  39  3:15  Queen  
  39  3:17  Drone x2  
  39  3:18  Drone x3  
  46  3:32  Drone x2  
  46  3:33  Drone  
  48  3:38  Zergling x4  
  48  3:41  Extractor x2  
  48  3:50  Overlord  
  48  3:53  Overlord  
  48  3:54  Extractor  
  46  3:56  Zergling x2  
  46  3:57  Zergling x6  
  46  3:58  Drone x2  
  52  4:10  Drone x2  
  52  4:15  Drone  
  56  4:18  Lair  
  56  4:19  Drone  
  56  4:20  Extractor  
  56  4:23  Hatchery  
  55  4:28  Drone x2  
  55  4:29  Drone x3  
  58  4:32  Queen  
  58  4:34  Overlord  
  60  4:38  Overlord x2  
  59  4:48  Zergling x2  
  59  4:49  Baneling Nest, Zergling x2  
  59  4:54  Overlord  
  59  4:56  Zergling x2  
  59  4:58  Overlord  
  59  4:59  Zergling x6  
  64  5:00  Zergling x4  
  65  5:12  Queen  
  67  5:16  Drone  
  67  5:17  Spire  
  64  5:36  Zergling x18  
  75  5:47  Drone  
  75  5:48  Drone x4  
  78  5:57  Baneling  
  78  5:58  Baneling x4  
  78  6:00  Overlord x2  
  78  6:12  Drone x2  
  78  6:13  Drone  
  78  6:14  Drone x4  
  78  6:16  Overseer  
  78  6:18  Overlord x2  
  73  6:34  Mutalisk  
  73  6:35  Mutalisk x5  
  85  6:45  Drone x3  
  85  6:46  Drone x3  
  85  6:47  Drone  
  92  6:49  Extractor  
  92  6:50  Extractor  
  90  6:56  Drone x2  
  90  6:57  Drone  
  90  6:59  Drone x2  
  95  7:07  Drone x2  
  93  7:15  Zergling x8  
  95  7:21  Drone x2  
  95  7:22  Drone  
  100  7:30  Mutalisk x2  
  100  7:31  Hatchery, Evolution Chamber x2  
  100  7:34  Mutalisk x2  
  105  7:38  Mutalisk x2  
  109  7:47  Queen, Drone x2  
  113  7:55  Zergling x16  
  121  8:03  Zerg Ground Armor Level 1, Zerg Melee Weapons Level 1  
  121  8:05  Centrifical Hooks  
  121  8:08  Zerg Flyer Weapons Level 1  
  121  8:12  Mutalisk  
  121  8:13  Mutalisk  
  121  8:18  Drone x3  
  128  8:21  Zergling x6, Infestation Pit  
  130  8:33  Overlord x2  
  130  8:36  Overlord x2  
  130  8:45  Baneling x10  
  130  8:46  Zergling x2  
  130  8:47  Zergling x14  
  136  8:51  Overlord x2  
  136  8:56  Overlord x2  
  136  9:00  Baneling x2  
  136  9:01  Baneling x4  
  136  9:02  Zergling x6  
  137  9:09  Mutalisk x3  
  142  9:15  Mutalisk x2  
  142  9:27  Mutalisk, Queen  
  142  9:28  Mutalisk  
  142  9:30  Zergling x16  
  156  9:37  Drone x2  
  158  9:39  Drone x2  
  158  9:40  Drone  
  158  9:42  Drone x2  
  163  9:47  Hive  
  163  9:49  Drone x2  
  163  9:50  Baneling x4  
  163  9:51  Drone x3  
  168  9:55  Mutalisk  
  170  10:21  Zergling x10  
  171  10:22  Zergling x14  
  171  10:27  Extractor  
  181  10:29  Drone x2  
  181  10:30  Drone  
  184  10:37  Hatchery  
  175  10:57  Zergling x14  
  175  10:58  Zergling x6  
  176  11:08  Zergling x24  
  168  11:18  Zergling x2  
  162  11:23  Baneling x4  
  162  11:25  Baneling Nest, Baneling x3  
  141  11:26  Zergling x4  
  141  11:27  Zergling x2  
  126  11:32  Zergling x2  
  126  11:33  Zergling x2  
  126  11:34  Overlord  
Show
View Real Time Build Order
Export as new Build Order

InZaNe Terran - Winner!

Build Orders: Hellion Opening, Reaper Expand, MMM Bio 

Get SALT Encoding   

  12  0:01  SCV  
  13  0:13  SCV  
  14  0:17  Supply Depot  
  14  0:25  SCV  
  15  0:38  SCV  
  15  0:40  Barracks  
  16  0:44  Refinery  
  16  0:50  SCV  
  17  1:03  SCV  
  18  1:15  SCV  
  19  1:28  Reaper, Orbital Command  
  20  1:41  Command Center  
  20  1:51  Supply Depot  
  20  1:54  SCV  
  20  2:00  Marine  
  22  2:10  Factory  
  22  2:12  SCV  
  23  2:16  Refinery  
  23  2:21  Barracks Reactor  
  23  2:24  SCV  
  24  2:36  SCV  
  25  2:48  SCV  
  26  2:53  Orbital Command  
  26  2:55  Starport  
  26  3:01  SCV  
  26  3:04  Hellion x2  
  26  3:05  Barracks Tech Lab  
  31  3:13  SCV  
  31  3:19  SCV  
  33  3:26  Hellion x2  
  37  3:27  Supply Depot  
  37  3:31  Engineering Bay  
  37  3:33  SCV x2  
  39  3:39  Viking  
  41  3:45  SCV x2  
  42  3:51  Hellion  
  42  3:53  Hellion  
  46  4:00  SCV  
  46  4:01  SCV  
  47  4:03  Supply Depot  
  47  4:09  Medivac  
  49  4:12  SCV  
  49  4:13  SCV  
  51  4:17  Hellion  
  51  4:23  Supply Depot  
  53  4:24  SCV  
  53  4:25  Hellion  
  53  4:29  SCV  
  57  4:34  Bunker  
  57  4:35  Marine  
  57  4:36  SCV  
  57  4:39  Hellion  
  57  4:43  Liberator  
  57  4:44  Armory  
  59  4:47  Hellion, SCV  
  59  4:49  SCV  
  61  4:58  Command Center  
  61  5:02  Hellion  
  66  5:11  Supply Depot  
  66  5:12  Supply Depot  
  66  5:19  SCV x2  
  68  5:22  Hellion  
  70  5:31  Hellion  
  70  5:32  Stimpack  
  70  5:33  SCV x2, Marine  
  73  5:36  Barracks  
  73  5:37  Barracks  
  73  5:45  Refinery x2, Starport Reactor  
  73  5:51  SCV x2  
  73  5:55  Marine  
  76  5:59  Engineering Bay x2  
  76  6:01  Factory Reactor  
  76  6:03  SCV x2  
  78  6:12  Marine  
  78  6:14  Barracks  
  78  6:15  SCV x2  
  78  6:16  Orbital Command, Barracks  
  81  6:30  Marine  
  74  6:33  Starport Reactor  
  74  6:35  SCV  
  74  6:37  SCV, Marine x2  
  76  6:41  Terran Infantry Armor Level 1, Terran Infantry Weapons Level 1  
  76  6:44  Orbital Command  
  76  6:46  Factory Tech Lab  
  77  6:47  SCV  
  77  6:49  SCV  
  77  6:50  Marine  
  77  6:51  Marine x2  
  81  6:57  Marine x2  
  81  6:58  Missile Turret  
  81  6:59  SCV  
  81  7:01  SCV  
  85  7:03  Barracks Reactor  
  85  7:07  Missile Turret  
  84  7:09  Marine x2  
  84  7:11  SCV  
  84  7:13  SCV x2  
  92  7:16  Marine x3  
  92  7:19  Marine x2  
  92  7:21  Medivac  
  92  7:22  Missile Turret, Medivac  
  98  7:23  SCV  
  98  7:26  Missile Turret  
  98  7:27  Marine  
  101  7:32  Missile Turret, Marine  
  101  7:33  Combat Shields, Marine  
  101  7:35  Siege Tank  
  99  7:37  Missile Turret  
  99  7:39  SCV x3  
  99  7:46  Marine  
  99  7:48  Marine  
  99  7:49  Marine  
  101  7:51  Missile Turret  
  101  7:56  Supply Depot, SCV x2, Marine x5  
  108  7:59  Supply Depot  
  108  8:00  Supply Depot, Terran Vehicle Weapons Level 1  
  108  8:01  Marine  
  109  8:06  Factory  
  109  8:09  Supply Depot  
  109  8:12  SCV  
  109  8:18  SCV, Marine x2, Siege Tank  
  115  8:22  Medivac x2  
  115  8:24  Marine x3  
  115  8:27  Marine x3  
  122  8:29  Marine  
  122  8:33  SCV x2  
  126  8:37  Missile Turret  
  126  8:43  Marine  
  126  8:44  Marine x5  
  126  8:45  Marine  
  126  8:47  Marine  
  133  8:50  Siege Tank  
  133  8:53  Factory Tech Lab  
  136  8:56  Hellion x5  
  136  8:59  Marine  
  136  9:01  Medivac x2  
  141  9:13  Marine x3  
  141  9:14  Marine x5  
  144  9:17  Supply Depot, Marine  
  144  9:18  Supply Depot  
  145  9:27  Thor x2  
  157  9:35  Supply Depot  
  157  9:38  Medivac  
  157  9:39  Supply Depot  
  157  9:41  Missile Turret  
  159  9:46  Missile Turret  
  159  9:47  Medivac  
  159  9:48  Marine x4  
  159  9:51  SCV  
  159  9:52  SCV  
  167  9:55  Marine  
  167  9:56  Marine  
  167  9:57  Marine  
  167  9:59  Marine x2  
  172  10:11  Marine x4  
  172  10:13  Marine  
  172  10:14  Marine, Siege Tank  
  182  10:25  Siege Tank  
  184  10:30  Supply Depot  
  184  10:35  Marine x4  
  184  10:36  Marine  
  184  10:37  Marine  
  184  10:40  Marine  
  184  10:42  Marine x2  
  189  10:53  Marine x5  
  189  10:56  Missile Turret  
  190  11:04  Marine x4  
  190  11:11  Marine x5  
  174  11:22  Marine x4  
  172  11:29  Marine x5, Orbital Command  
Tags
 
Add a new tag
Caveats
  • Supply blocks, unpowered buildings, or Contaminate may cause inaccurate times.
  • Supply counts are checked every 10 seconds.